[Event "*** Titled Tuesday Blitz"]
[Site "Chess.com"]
[Date "2020.12.29"]
[Round "9"]
[White "azikom"]
[Black "Macron20hTF1"]
[Result "0-1"]
[WhiteElo "2596"]
[BlackElo "2503"]
[TimeControl "180+1"]
[EndTime "11:47:07 PST"]
[Termination "Macron20hTF1 won on time"]

1. d4 g6 2. e4 Bg7 3. Nc3 d6 4.
Be3 a6 5. Qd2 b5 6. f3 Nd7 7. Nh3 c5 8. dxc5 Nxc5 9. Nf2 Bb7 10. Bd4 Bxd4 11. Qxd4 Nf6 12. O-O-O O-O 13. e5 Ne6 14. Qh4 Ne8 15. Ng4 Qc7 16. exd6 Nxd6 17. Kb1 Nf5 18. Qf2 Rac8 19. Bd3 Nfd4 20. Rhe1 Rfd8 21.
a3 Nf4 22. Bf1 Nfe6 23. Ne5 a5 24. Nd3 Qb8 25. f4 b4 26. axb4 axb4 27. Nxb4 Ba8 28.
Nca2 Rd6 29. c3 Nb3 30. Rxd6 Qxd6 31. Bd3 Nec5 32. Bc2 Nd2+ 33. Kc1 Ndb3+ 34. Bxb3 Nxb3+ 35. Kc2 Nd4+ 36. Kb1 Nf5 37. Nc1 Rd8 38. g4 Ng7 39. f5 gxf5 40. gxf5 Qd2 41. Qxd2 Rxd2 42. Rxe7 Kf8 43.
Ra7 Be4+ 44. Ka2 Nxf5 45. Nb3 Rxh2 46. Nc5 Bf3 47. Nd7+ Kg7 48. Ne5 Bh5 49. Kb3 Ne3 50. Nc4 Nxc4 51. Kxc4 Rxb2 52. Kd4 Rd2+ 53. Ke3 Re2+ 54.
Kd3 Re6 55. c4 Bg6+ 56. Kd4 h5 57. c5 h4 58. c6 Re1 59. c7 Rc1 60. Nd5 h3 61.
Ra2 Bf5 62. Rh2 Be6 63. Nc3 Re1 64. Rf2 Rg1 65. Rh2 Rg4+ 66. Ke3 Rc4 67. Ne4 Rxc7 68. Ng5 Bf5 69. Kf4 Bg6 70. Nxh3 Rc4+ 71. Kg3 Rc3+ 72. Kh4 Rf3 73. Ng5 Rf4+ 74. Kg3 Rf5 75. Nf3 Ra5 76.
Rd2 Ra3 77. Kf2 Bh5 78. Nd4 Ra4 79. Ne2 Bg6 80. Ng3 Rf4+ 81. Kg2 Ra4 82. Kf2 Kh6 83. Rd6 Kg5 84. Rb6 f5 85. Rb5 Kg4 86. Ne2 f4 0-1

[Event "*** Titled Tuesday Blitz"]
[Site "Chess.com"]
[Date "2020.12.29"]
[Round "9"]
[White "alexgo05"]
[Black "LiderChessAcademy"]
[Result "1-0"]
[WhiteElo "2496"]
[BlackElo "2590"]
[TimeControl "180+1"]
[EndTime "11:47:19 PST"]
[Termination "alexgo05 won by resignation"]

1. e4 c5 2. Nf3 d6 3. Nc3 Nc6 4. d4 cxd4 5. Nxd4 g6 6. Be3 Bg7 7. f3 Nf6 8. Qd2 O-O 9. O-O-O d5 10. Nxc6 bxc6 11. Bh6 Qb6 12. Bxg7 Kxg7 13. exd5 cxd5 14. Nxd5 Nxd5 15. Qxd5 Be6 16. Qd4+ Kg8 17. Qxb6 axb6 18. a3 Rfc8 19. Bd3 Rc5 20. Kb1 b5 21. Rhe1 Kg7 22. Re4 Ra7 23. Rb4 Bc4 24. Bxc4 bxc4 25. c3 e5 26. Kc2 f5 27. Rb6 Re7 28. Rdd6 e4 29. fxe4 fxe4 30. Re6 Rf7 31. Rxe4 Rf2+ 32. Kb1 Rxg2 33. h4 Rf2 34. Re7+ Rf7 35. Rbb7 Rxe7 36.
Rxe7+ Kh6 37. Kc2 g5 38. hxg5+ Rxg5 39. Rc7 Rg4 40. a4 Kg6 41. a5 Rg5 42. a6 Ra5 43. a7 h5 44. Kd2 h4 45. Ke3 h3 46. Kf3 Kf6 47. Kg3 Ke6 48. Kxh3 Kd6 49. Rh7 Kc6 50. Kg4 Kb6 51. Kf4 Ra2 52. Ke4 Ra4 53. Kd4 Kc6 54. a8=Q+ Rxa8 55. Kxc4 Ra2 56. Rh6+ Kb7 57. b4 Rg2 58. Kb3 Rg3 59. Kc4 Rg4+ 60. Kb5 Rg5+ 61. Ka4 Rg4 62. Rh5 Kb6 63. Rc5 Rg1 64.
Kb3 Rb1+ 65. Kc4 Rg1 66. Rh5 Rg4+ 67. Kb3 Rg3 68. Rh6+ Kb5 69. Rh5+ Kb6 70. Rc5 Rg1 71. c4 Rb1+ 72. Kc3 Rc1+ 73. Kd4 Rb1 74. Rb5+ Kc6 75. Rb8 Rd1+ 76. Kc3 Rc1+ 77. Kb3 Kc7 78. Rb5 Kc6 79. Rh5 Rb1+ 80. Kc3 Rc1+ 81. Kd3 Rd1+ 82. Kc2 Rg1 83. Rh6+ Kc7 84. Kb3 Rb1+ 85. Ka4 Kb7 86. Kb5 Rg1 87. c5 Kc8 88. Rh7 Rg4 89. Kc6 Kb8 90.
b5 Rg6+ 91. Kd5 Rg5+ 92. Kc4 Rg4+ 93. Kb3 Rd4 94. c6 Rd6 95. Kb4 Rg6 96. Ka5 Ka8 97. Kb6 Rg8 98. Ra7+ Kb8 99. c7+ Kc8 100. Ra8+ Kd7 101. Rxg8 1-0

[Event "*** Titled Tuesday Blitz"]
[Site "Chess.com"]
[Date "2020.12.29"]
[Round "9"]
[White "XDPS"]
[Black "sorrm8thatscheckm8"]
[Result "1-0"]
[WhiteElo "2715"]
[BlackElo "2509"]
[TimeControl "180+1"]
[EndTime "11:47:32 PST"]
[Termination "XDPS won by resignation"]

1. e4 e6 2. d4 d5 3. exd5 exd5 4.
Bd3 Nc6 5. Nf3 Bd6 6. O-O Nge7 7.
c3 Bg4 8. Nbd2 Qd7 9. a4 f6 10. b4 O-O 11. Qc2 Bf5 12. Re1 Bxd3 13. Qxd3 Ng6 14.
Nf1 Rae8 15. Bd2 Nce7 16. Ne3 Nf4 17. Qc2 Neg6 18. Qf5 Qf7 19. g3 Ne7 20. Qc2 Nh3+ 21. Kg2 Ng5 22. Ng1 Ne4 23. f3 Nxd2 24. Qxd2 c6 25.
b5 Nc8 26. Qd3 Nb6 27. Nf5 Bc7 28. a5 Nc4 29. a6 bxa6 30. bxc6 a5 31. Nh3 Rxe1 32.
Rxe1 Re8 33. Re2 Re6 34. Nf2 Qe8 35. Ra2 Qxc6 36. Qb1 Qb6 37. Qd3 g6 38. Nh6+ Kg7 39. Nhg4 h5 40. Ne5 fxe5 41. dxe5 Ne3+ 42. Kh1 Rxe5 43. Re2 Nf5 44. Rxe5 Bxe5 45. Qxd5 Qf6 46. Ne4 Qe7 47. Qxa5 Bf6 48. Qd5 Be5 49. Qc4 a5 50. Qb5 Bc7 51. Qc4 Nd6 52. Qd4+ Kf8 53. Nf2 Nf5 54.
Qh8+ Kf7 55. Qh7+ Ke8 56. Qg8+ Qf8 57. Qe6+ Kd8 58. Qxg6 Nd6 59. Qe6 Qxf3+ 60. Kg1 Ne4 61. Qg8+ Kd7 62. Qd5+ Kc8 63. Qxe4 Qxc3 64. Qa8+ Kd7 65.
Kg2 Qb4 66. Qd5+ Kc8 67. Qa8+ Kd7 68. Qd5+ Kc8 69. Nd3 Qd2+ 70. Kf3 a4 71. Qa8+ Kd7 72. Qxa4+ Kc8 73. Qe8+ Kb7 74. Qe4+ Kc8 75. Nf2 Qc3+ 76. Kg2 Qf6 77. Qd5 Qb2 78. Qxh5 Bb6 79. Qe8+ Kb7 80. Qd7+ Ka6 81. Qf5 Qd4 82. Qf3 Qd2 83. h4 Qh6 84.
Ng4 Qd2+ 85. Kh3 Qe1 86. h5 Qe7 87. h6 Qg5 88. Qd3+ Kb7 89. Qd7+ Ka6 90. Qf7 Bd8 91. h7 Qc1 92. Qa2+ Kb7 93. Qg2+ Kc8 94. h8=Q 1-0

[Event "*** Titled Tuesday Blitz"]
[Site "Chess.com"]
[Date "2020.12.29"]
[Round "10"]
[White "ViktoriyaTarasova"]
[Black "vrekhson"]
[Result "1-0"]
[WhiteElo "2350"]
[BlackElo "2234"]
[TimeControl "180+1"]
[EndTime "11:49:14 PST"]
[Termination "ViktoriyaTarasova won by resignation"]

1. d4 Nf6 2. c4 c5 3. d5 b5 4. cxb5 a6 5. bxa6 g6 6. Nc3 Bxa6 7. Nf3 Bg7 8. e4 Bxf1 9. Kxf1 d6 10. g3 Nbd7 11. Kg2 Ng4 12. Qe2 O-O 13. Nd2 Qa5 14. Qxg4 Ne5 15. Qe2 c4 16. f4 Nd3 17.
Nxc4 Nxc1 18. Rhxc1 1-0

[Event "*** Titled Tuesday Blitz"]
[Site "Chess.com"]
[Date "2020.12.29"]
[Round "10"]
[White "juancruzarias"]
[Black "OK97"]
[Result "0-1"]
[WhiteElo "2554"]
[BlackElo "2784"]
[TimeControl "180+1"]
[EndTime "11:49:51 PST"]
[Termination "OK97 won by resignation"]

1. d4 d6 2. e4 Nf6 3. Nc3 g6 4. g3 Bg7 5. Bg2 O-O 6. Nge2 Nbd7 7. O-O c5 8. d5 Rb8 9. a4 b6 10. Re1 a6 11. Rb1 b5 12. axb5 axb5 13. b4 cxb4 14. Rxb4 Qa5 15. Rb3 b4 16. Rb1 bxc3 0-1

[Event "*** Titled Tuesday Blitz"]
[Site "Chess.com"]
[Date "2020.12.29"]
[Round "10"]
[White "KetiGrant"]
[Black "yuki_chess123"]
[Result "0-1"]
[WhiteElo "2433"]
[BlackElo "2235"]
[TimeControl "180+1"]
[EndTime "11:50:48 PST"]
[Termination "yuki_chess123 won by resignation"]

1. e4 g6 2. d4 Bg7 3. Nc3 c6 4. Be3 d5 5. Nf3 Bg4 6. h3 Bxf3 7. Qxf3 Nf6 8. e5 Nfd7 9. Bd3 e6 10. Ne2 c5 11. c3 Nc6 12. a3 cxd4 13. cxd4 O-O 14. h4 Ndxe5 15. dxe5 Nxe5 16. Qh3 Nxd3+ 17. Kd2 Nxb2 18.
Bd4 Nc4+ 19. Ke1 e5 20. h5 exd4 21. hxg6 h6 22. Nf4 Qg5 0-1

[Event "*** Titled Tuesday Blitz"]
[Site "Chess.com"]
[Date "2020.12.29"]
[Round "10"]
[White "Ural_bogatyr"]
[Black "Frolyanov_D"]
[Result "1-0"]
[WhiteElo "2502"]
[BlackElo "2634"]
[TimeControl "180+1"]
[EndTime "11:50:51 PST"]
[Termination "Ural_bogatyr won by resignation"]

1. e4 c5 2. Nf3 e6 3. c3 Nf6 4. e5 Nd5 5. d4 cxd4 6. Qxd4 Nc6 7. Qe4 d6 8. Bb5 Bd7 9. c4 Nc7 10. Bg5 Qc8 11. exd6 Bxd6 12. O-O h6 13. Be3 O-O 14. Rd1 Be7 15. Nc3 Bf6 16. Qg4 e5 17. Qxd7 Nxb5 18.
cxb5 Nd4 19. Qxc8 1-0

[Event "*** Titled Tuesday Blitz"]
[Site "Chess.com"]
[Date "2020.12.29"]
[Round "10"]
[White "tylityli"]
[Black "Kazmin_Dmitrij"]
[Result "1/2-1/2"]
[WhiteElo "2355"]
[BlackElo "2266"]
[TimeControl "180+1"]
[EndTime "11:51:04 PST"]
[Termination "Game drawn by repetition"]

1. d4 f5 2. c4 Nf6 3. Nf3 g6 4. b4 Bg7 5. Bb2 O-O 6. e3 d6 7. Qb3 Kh8 8. Nc3 Be6 9. d5 Bg8 10. Bd3 e5 11. dxe6 Bxe6 12. O-O Nbd7 13. Nd5 c6 14.
Nf4 Bg8 15. Rfd1 Qe7 16. Be2 a5 17. a3 a4 18. Qc2 Ne5 19. Rac1 Bf7 20. Ng5 Bg8 21.
Nf3 Bf7 22. Ng5 Bg8 23. Nf3 1/2-1/2

[Event "*** Titled Tuesday Blitz"]
[Site "Chess.com"]
[Date "2020.12.29"]
[Round "10"]
[White "AdarshIsMe"]
[Black "Euge_chess"]
[Result "0-1"]
[WhiteElo "2181"]
[BlackElo "2092"]
[TimeControl "180+1"]
[EndTime "11:51:35 PST"]
[Termination "Euge_chess won by resignation"]

1. e4 e5 2. Nf3 Nc6 3. Bc4 Nf6 4. d4 exd4 5. e5 d5 6. Bb5 Ne4 7. Nxd4 Bd7 8. Bxc6 bxc6 9. O-O Bc5 10.
Be3 O-O 11. f3 Ng5 12. f4 Ne4 13. Nd2 f6 14. Nxe4 dxe4 15. c3 Qe7 16. Qc2 fxe5 17. Qxe4 exd4 18. Qxe7 Bxe7 19. Bxd4 Bf6 20. Rad1 Bxd4+ 21.
Rxd4 Be6 22. Re1 Bxa2 23. Rd7 Rf7 24. Red1 Bd5 0-1

[Event "*** Titled Tuesday Blitz"]
[Site "Chess.com"]
[Date "2020.12.29"]
[Round "10"]
[White "Chessdreamer2020"]
[Black "ljuks68"]
[Result "0-1"]
[WhiteElo "2485"]
[BlackElo "2394"]
[TimeControl "180+1"]
[EndTime "11:51:39 PST"]
[Termination "ljuks68 won by resignation"]

1. e4 e6 2. d4 d5 3. Nd2 Nf6 4. e5 Nfd7 5. c3 c5 6. Bd3 Nc6 7. Ne2 cxd4 8. cxd4 f6 9. Nf4 Nxd4 10. Qh5+ Ke7 11. Ng6+ hxg6 12. exf6+ Nxf6 13. Qxh8 Kf7 14. O-O e5 15. Nb3 Nxb3 16. axb3 Be6 17. Bg5 e4 18. Be2 Qb6 19. Bxf6 gxf6 20. h4 Rd8 21. h5 gxh5 22. Bxh5+ Ke7 23. Qh7+ Kd6 24. Rfd1 f5 25. Bg6 Rd7 26. Qh8 Bg7 27. Qh2+ Be5 28. Qh8 Bxh8 0-1

[Event "*** Titled Tuesday Blitz"]
[Site "Chess.com"]
[Date "2020.12.29"]
[Round "10"]
[White "FMOlexandrProhorov"]
[Black "lamomiablanca"]
[Result "0-1"]
[WhiteElo "2156"]
[BlackElo "2259"]
[TimeControl "180+1"]
[EndTime "11:51:45 PST"]
[Termination "lamomiablanca won by resignation"]

1. e4 c5 2. c4 Nc6 3. Nf3 g6 4. Nc3 Bg7 5. g4 d6 6. g5 Bg4 7. d3 Nd4 8. Be2 Bxf3 9. Bxf3 e6 10. Be3 Ne7 11. Bxd4 Bxd4 12. Ne2 Nc6 13. h4 Qe7 14. Qa4 O-O-O 15. Bg4 Kb8 16. O-O-O Qc7 17. f4 d5 18. cxd5 exd5 19. exd5 Rxd5 20. Bf3 Rdd8 21. Kb1 Rhe8 22.
Bxc6 Rxe2 0-1

[Event "*** Titled Tuesday Blitz"]
[Site "Chess.com"]
[Date "2020.12.29"]
[Round "10"]
[White "Vyacheslav_N"]
[Black "Siniauski"]
[Result "0-1"]
[WhiteElo "2446"]
[BlackElo "2589"]
[TimeControl "180+1"]
[EndTime "11:51:49 PST"]
[Termination "Siniauski won by checkmate"]

1. e4 e6 2. d4 d5 3. Nd2 c5 4.
exd5 Qxd5 5. Ngf3 cxd4 6. Bc4 Qd8 7. Nb3 Nc6 8. Nbxd4 Nxd4 9. Qxd4 Qxd4 10. Nxd4 a6 11. a4 Be7 12. Be3 Nf6 13. c3 O-O 14. O-O Rd8 15. a5 Bd7 16. f3 Rac8 17. Be2 e5 18. Nc2 Bf5 19. Na3 Nd5 20. Bf2 Nf4 21. Rfe1 Rd2 22. Bf1 Rxf2 23. Kxf2 Bc5+ 24. Kg3 Nh5+ 25. Kh4 Be7+ 26. Kxh5 g6+ 27. Kh6 f6 28. Bc4+ Rxc4 29. Nxc4 Bf8# 0-1

[Event "*** Titled Tuesday Blitz"]
[Site "Chess.com"]
[Date "2020.12.29"]
[Round "10"]
[White "kai_nov"]
[Black "ulkaf961"]
[Result "1-0"]
[WhiteElo "2381"]
[BlackElo "2278"]
[TimeControl "180+1"]
[EndTime "11:51:52 PST"]
[Termination "kai_nov won by resignation"]

1. d4 d5 2. c4 e6 3. Nc3 a6 4. cxd5 exd5 5. Nf3 h6 6. Qb3 Nf6 7. e4 dxe4 8. Ne5 Qe7 9. Bc4 b5 10. Bxf7+ Kd8 11. Ng6 Qd7 12. Nxh8 Bb7 13. Be6 1-0

[Event "*** Titled Tuesday Blitz"]
[Site "Chess.com"]
[Date "2020.12.29"]
[Round "10"]
[White "Kildepiotr"]
[Black "stasiek18"]
[Result "0-1"]
[WhiteElo "2594"]
[BlackElo "2392"]
[TimeControl "180+1"]
[EndTime "11:52:04 PST"]
[Termination "stasiek18 won by resignation"]

1. Nf3 g6 2. g3 Bg7 3. d4 Nf6 4. Bg2 O-O 5. O-O d5 6. c4 dxc4 7. Na3 Nc6 8. Nxc4 Be6 9. b3 Bd5 10. Bb2 a5 11. a4 Qb8 12. Nfe5 Bxg2 13. Kxg2 Nxe5 14. dxe5 Rd8 15. Qc2 Nd5 16. Rad1 b5 17.
axb5 Qxb5 18. Rd3 Nb4 19. Rxd8+ Rxd8 20. Qc3 h5 21. Ra1 h4 22. Nxa5 Qxe2 23. Re1 h3+ 24. Kg1 Rd1 0-1

[Event "*** Titled Tuesday Blitz"]
[Site "Chess.com"]
[Date "2020.12.29"]
[Round "10"]
[White "esskeettit"]
[Black "elohunter1999"]
[Result "0-1"]
[WhiteElo "2471"]
[BlackElo "2673"]
[TimeControl "180+1"]
[EndTime "11:52:07 PST"]
[Termination "elohunter1999 won by resignation"]

1. d4 Nf6 2. c4 e5 3. dxe5 Ng4 4.
Nf3 Bc5 5. e3 Nc6 6. b3 O-O 7. Bb2 Re8 8. Nbd2 a5 9. Be2 Ngxe5 10. Nxe5 Nxe5 11. O-O Ra6 12. Nf3 Nxf3+ 13. Bxf3 Rh6 14.
Qd5 d6 15. g3 c6 16. Qd3 Qg5 17. Rfe1 Bg4 18. e4 Qh5 19. Bg2 Qxh2+ 20. Kf1 Bh3 21. Qf3 Qh1+ 22. Ke2 Qxg2 0-1

[Event "*** Titled Tuesday Blitz"]
[Site "Chess.com"]
[Date "2020.12.29"]
[Round "10"]
[White "MashaFromRussia"]
[Black "HrvojeZagreb"]
[Result "0-1"]
[WhiteElo "2387"]
[BlackElo "2263"]
[TimeControl "180+1"]
[EndTime "11:52:13 PST"]
[Termination "HrvojeZagreb won by resignation"]

1. d4 e6 2. c4 f5 3. Nf3 Nf6 4.
g3 Be7 5. Bg2 O-O 6. O-O d6 7.
Nc3 Ne4 8. Qc2 Nxc3 9. Qxc3 Bf6 10. Rd1 Qe8 11. Qc2 e5 12. dxe5 dxe5 13. e4 Qh5 14.
Be3 f4 15. gxf4 exf4 16. Bc5 Bh3 17. Qd3 Qg4 18. Ne1 Bxg2 19. Nxg2 f3 20. Qd5+ Kh8 21.
Kf1 Qxg2+ 22. Ke1 Bg5 0-1

[Event "*** Titled Tuesday Blitz"]
[Site "Chess.com"]
[Date "2020.12.29"]
[Round "10"]
[White "Harry_Rakkel"]
[Black "Supernotar"]
[Result "1/2-1/2"]
[WhiteElo "2647"]
[BlackElo "2842"]
[TimeControl "180+1"]
[EndTime "11:52:35 PST"]
[Termination "Game drawn by repetition"]

1. e4 c6 2. d4 d5 3. exd5 cxd5 4. Bd3 Nc6 5. c3 Qc7 6. Na3 a6 7. Nc2 Nf6 8. Ne2 e6 9. Bf4 Bd6 10. Bg3 O-O 11. O-O Bxg3 12. Nxg3 b5 13. Re1 Bd7 14. a3 Rab8 15. Ne3 a5 16. Nh5 Nxh5 17.
Qxh5 g6 18. Qh6 f5 19. g3 b4 20. axb4 axb4 21. Ng2 bxc3 22. bxc3 e5 23. Nh4 e4 24.
Nxg6 exd3 25. Ne7+ Kh8 26. Ng6+ Kg8 27. Ne7+ Kh8 28.
Ng6+ Kg8 1/2-1/2

[Event "*** Titled Tuesday Blitz"]
[Site "Chess.com"]
[Date "2020.12.29"]
[Round "10"]
[White "MelihKaanCan"]
[Black "Ave_Mariia"]
[Result "1-0"]
[WhiteElo "2341"]
[BlackElo "2467"]
[TimeControl "180+1"]
[EndTime "11:52:36 PST"]
[Termination "MelihKaanCan won by resignation"]

1. e4 c5 2. Nf3 d6 3. d4 cxd4 4. Nxd4 Nf6 5. Nc3 g6 6. Be3 Bg7 7. f3 O-O 8. Qd2 Nc6 9. Bc4 Bd7 10. h4 Ne5 11. Bb3 h5 12. O-O-O Rc8 13. Bg5 Nc4 14.
Qe2 b5 15. g4 hxg4 16. h5 Nh7 17. f4 Nxg5 18. fxg5 gxh5 19. Qh2 Be6 20. Qxh5 Re8 21. Qh7+ Kf8 22. Nxe6+ fxe6 23. Rdf1+ 1-0

[Event "*** Titled Tuesday Blitz"]
[Site "Chess.com"]
[Date "2020.12.29"]
[Round "10"]
[White "Love_craft"]
[Black "Leo_C"]
[Result "0-1"]
[WhiteElo "2470"]
[BlackElo "2387"]
[TimeControl "180+1"]
[EndTime "11:52:37 PST"]
[Termination "Leo_C won by checkmate"]

1. Nf3 d5 2. g3 Nd7 3. Bg2 Nb6 4. d4 Bf5 5. O-O e6 6. c3 Nf6 7. a4 a5 8. Nbd2 h6 9. Nh4 Bh7 10. f4 Bd6 11. f5 exf5 12. Nxf5 Bxf5 13. Rxf5 Qe7 14.
c4 Qe3+ 15. Kh1 Qxd4 16. Qc2 Ng4 17. Nb3 Nf2+ 18. Rxf2 Qxf2 19. c5 Qe1+ 20. Bf1 Qxf1# 0-1

[Event "*** Titled Tuesday Blitz"]
[Site "Chess.com"]
[Date "2020.12.29"]
[Round "10"]
[White "orestn"]
[Black "Kretov_Evgenij"]
[Result "1-0"]
[WhiteElo "2376"]
[BlackElo "2511"]
[TimeControl "180+1"]
[EndTime "11:52:40 PST"]
[Termination "orestn won by resignation"]

1. e4 c5 2. Nf3 Nc6 3. d4 cxd4 4. Nxd4 g6 5. c4 Nf6 6. Nc3 d6 7. Be2 Nxd4 8. Qxd4 Bg7 9. Bg5 O-O 10. Qd2 Be6 11. Rc1 Qa5 12. f3 Rfc8 13. b3 a6 14. Rc2 Rab8 15. Nd5 Qxd2+ 16. Kxd2 Nxd5 17. cxd5 Rxc2+ 18. Kxc2 Rc8+ 19. Kb1 Bd7 20. Rc1 Kf8 21. Rxc8+ Bxc8 22. a4 Be5 23. h3 f6 24. Be3 Bc3 25. Kc2 Bb4 26. g4 f5 27. Bd3 fxe4 28. Bxe4 Kf7 29. Kd3 e6 30. Kc4 Be1 31. Bf4 Ke7 32. Bg5+ Kd7 33.
h4 Ke8 34. h5 Kf7 35. dxe6+ Bxe6+ 36. Bd5 b5+ 37. axb5 axb5+ 38. Kd4 Bf2+ 39. Ke4 gxh5 40. gxh5 Be1 41. f4 Bd2 42. Bxe6+ Kxe6 43. f5+ 1-0

[Event "*** Titled Tuesday Blitz"]
[Site "Chess.com"]
[Date "2020.12.29"]
[Round "10"]
[White "Aemulus20"]
[Black "vladimirdamjanovic"]
[Result "0-1"]
[WhiteElo "2593"]
[BlackElo "2422"]
[TimeControl "180+1"]
[EndTime "11:52:42 PST"]
[Termination "vladimirdamjanovic won by resignation"]

1. e4 g6 2. d4 Bg7 3. Nc3 d5 4. exd5 Nf6 5. Bc4 Nbd7 6. Nge2 Nb6 7. Bb5+ Bd7 8. Bd3 Nbxd5 9. Nxd5 Nxd5 10. c3 O-O 11. O-O b6 12. Be4 Bc6 13. Nf4 Nxc3 14. Bxc6 Nxd1 15. Rxd1 Rb8 16. Be3 Qd6 17. d5 Bh6 18. g3 e5 19. Ng2 Bxe3 20. Nxe3 Rbd8 21. Nc4 Qe7 22. Re1 f6 23. a3 a5 24. Rab1 Qc5 25.
Rec1 Qd4 26. Ne3 f5 27. Rc4 Qd3 28. Rd1 Qe2 29. Rc2 Qh5 30. Nc4 Qxd1+ 0-1

[Event "*** Titled Tuesday Blitz"]
[Site "Chess.com"]
[Date "2020.12.29"]
[Round "10"]
[White "arctic_t00"]
[Black "jacky72"]
[Result "0-1"]
[WhiteElo "2625"]
[BlackElo "2789"]
[TimeControl "180+1"]
[EndTime "11:52:44 PST"]
[Termination "jacky72 won on time"]

1. d4 Nf6 2. Nf3 g6 3. Nbd2 d5 4. e3 Bg7 5. b4 a5 6. b5 a4 7. Ba3 O-O 8. c4 c6 9. bxc6 Nxc6 10.
Be2 Re8 11. O-O e5 12. Nxe5 Nxe5 13. dxe5 Rxe5 14. Nf3 Re8 15. Bb2 Be6 16. Ng5 dxc4 17. Nxe6 Rxe6 18. Bxc4 Rc6 19. Rc1 Qe7 20. Qe2 Rac8 21.
h3 a3 22. Bxf6 Bxf6 23. Rc2 Qc7 24. Rfc1 Bb2 25. Rd1 Rxc4 0-1

[Event "*** Titled Tuesday Blitz"]
[Site "Chess.com"]
[Date "2020.12.29"]
[Round "10"]
[White "MarcLonoff"]
[Black "Alekseyviktorovich"]
[Result "0-1"]
[WhiteElo "2175"]
[BlackElo "2320"]
[TimeControl "180+1"]
[EndTime "11:52:49 PST"]
[Termination "Alekseyviktorovich won on time"]

1. c4 c6 2. e4 d5 3. cxd5 cxd5 4.
exd5 Nf6 5. Nc3 Nxd5 6. Bc4 Nxc3 7. bxc3 e6 8. Nf3 Be7 9. O-O O-O 10. d4 Nc6 11.
Bb3 b6 12. Qd3 Bb7 13. Bc2 g6 14. Bh6 Re8 15. Rfe1 Rc8 16. Ba4 Qd5 17. Bb3 Qh5 18.
Bf4 Red8 0-1

[Event "*** Titled Tuesday Blitz"]
[Site "Chess.com"]
[Date "2020.12.29"]
[Round "10"]
[White "GM_LOADING"]
[Black "XDPS"]
[Result "0-1"]
[WhiteElo "2515"]
[BlackElo "2719"]
[TimeControl "180+1"]
[EndTime "11:52:50 PST"]
[Termination "XDPS won by resignation"]

1. d4 d5 2. c4 e6 3. Nc3 Nf6 4. cxd5 exd5 5. Bg5 c6 6. e3 Bd6 7. Bd3 h6 8. Bh4 O-O 9. Nge2 Re8 10. Bg3 a5 11. O-O Na6 12. Qd2 Nc7 13. Rad1 Ne6 14. f3 b5 15. Rc1 Bb7 16. Nd1 b4 17. Nf2 c5 18. dxc5 Bxc5 19. Bf5 Qb6 20. Rxc5 Qxc5 21.
Rc1 Qb6 22. Bxe6 Qxe6 23. Nd4 Qxe3 24. Qxe3 Rxe3 25. Bf4 Ree8 26. g4 Rac8 27. Rd1 Nh7 28. Nf5 Re2 29. Nd6 Rcc2 30. Bg3 Bc6 31. h4 Nf8 32.
Nf5 Ne6 0-1

[Event "*** Titled Tuesday Blitz"]
[Site "Chess.com"]
[Date "2020.12.29"]
[Round "10"]
[White "chessuriel"]
[Black "Koalaskakistis"]
[Result "1-0"]
[WhiteElo "2244"]
[BlackElo "2346"]
[TimeControl "180+1"]
[EndTime "11:52:50 PST"]
[Termination "chessuriel won by resignation"]

1. e4 e6 2. d4 d5 3. Nd2 Be7 4. Ngf3 Bd7 5. Bd3 a6 6. O-O Bb5 7. c4 dxc4 8. Nxc4 Nf6 9. Re1 Nc6 10. a4 Bxc4 11. Bxc4 Bb4 12. Re2 O-O 13. Bg5 h6 14. Bh4 Be7 15. Rc1 Nh5 16. Bxe7 Qxe7 17. d5 Na5 18.
Ba2 Nf4 19. Re1 exd5 20. Qd2 dxe4 21. Qxf4 Rae8 22. Nd2 Nc6 23. Rxe4 Qd7 24. Rxe8 Rxe8 25. Nf3 a5 26. h4 Nb4 27. Bb3 c6 28. Rd1 Qe7 29. Re1 Qd7 30. Ne5 1-0

[Event "*** Titled Tuesday Blitz"]
[Site "Chess.com"]
[Date "2020.12.29"]
[Round "10"]
[White "frenchpin"]
[Black "MokshanovAlexey"]
[Result "1-0"]
[WhiteElo "2488"]
[BlackElo "2625"]
[TimeControl "180+1"]
[EndTime "11:52:54 PST"]
[Termination "frenchpin won by resignation"]

1. e4 e6 2. d4 d5 3. Nd2 Nf6 4.
e5 Nfd7 5. Bd3 c5 6. c3 Nc6 7. Ne2 cxd4 8. cxd4 f6 9. Nf4 Nxd4 10. Qh5+ Ke7 11. exf6+ Nxf6 12. Ng6+ hxg6 13. Qxh8 Kf7 14. Qh4 e5 15. Nf3 Nxf3+ 16. gxf3 Bf5 17. Bxf5 gxf5 18.
Bg5 Qa5+ 19. Kf1 g6 20. Qh8 Qa6+ 21. Kg2 Rd8 22. Rac1 Be7 23. Qh6 Qb6 24. Rhe1 e4 25. fxe4 dxe4 26. Red1 Rxd1 27. Rxd1 Qxb2 28. Bxf6 Qxf6 29.
Qh7+ Qg7 30. Qxg7+ Kxg7 31. Rd7 Kf6 32. Rxb7 Bc5 33.
a4 f4 34. a5 g5 35. h3 Ke5 36. a6 Ke6 37. Kf1 f3 38. Ke1 Bd4 39. Rb5 Kf6 40. Rd5 Bb6 41. Rd6+ 1-0

[Event "*** Titled Tuesday Blitz"]
[Site "Chess.com"]
[Date "2020.12.29"]
[Round "10"]
[White "kleopl"]
[Black "IrishMonkey"]
[Result "0-1"]
[WhiteElo "2470"]
[BlackElo "2640"]
[TimeControl "180+1"]
[EndTime "11:52:58 PST"]
[Termination "IrishMonkey won by resignation"]

1. c4 Nf6 2. Nc3 c5 3. Nf3 e6 4. g3 b6 5. Bg2 Bb7 6. O-O Be7 7. b3 O-O 8. Bb2 d6 9. d4 cxd4 10.
Qxd4 a6 11. Ng5 Qc7 12. Bxb7 e5 13. Qd3 Qxb7 14. Nd5 g6 15. Nxe7+ Qxe7 16. Rad1 h6 17. Ne4 Nxe4 18. Qxe4 Ra7 19. Qe3 Nc6 20. Qxb6 Rc8 21. Ba3 Qb7 22. Qxb7 Rxb7 23. Rxd6 a5 24. Rfd1 a4 25.
R1d3 e4 26. Re3 axb3 27. axb3 Na5 28. c5 Rxb3 29. Rxb3 Nxb3 30. Rd4 Nxd4 0-1

[Event "*** Titled Tuesday Blitz"]
[Site "Chess.com"]
[Date "2020.12.29"]
[Round "10"]
[White "arna"]
[Black "BeanScreen"]
[Result "1-0"]
[WhiteElo "2176"]
[BlackElo "2599"]
[TimeControl "180+1"]
[EndTime "11:52:58 PST"]
[Termination "arna won by checkmate"]

1. e4 e5 2. Nf3 Nc6 3. Nc3 Nf6 4. Nxe5 Nxe5 5. d4 Ng6 6. e5 Ng8 7. Bc4 d5 8. Bxd5 c5 9. Bb3 cxd4 10. Ba4+ Bd7 11.
Qxd4 Bxa4 12. Qxa4+ Qd7 13. Qe4 Bc5 14. Nd5 N8e7 15. c4 O-O-O 16. Bg5 Nxd5 17. Bxd8 Ndf4 18. Ba5 Nd3+ 19. Ke2 Nxf2 20. Qf3 Nxh1 21. Rxh1 Re8 22. Rd1 Rxe5+ 23. Kf1 Qf5 24. Rd8# 1-0

[Event "*** Titled Tuesday Blitz"]
[Site "Chess.com"]
[Date "2020.12.29"]
[Round "10"]
[White "KhamzinOlzhas"]
[Black "Nemsko"]
[Result "1-0"]
[WhiteElo "2458"]
[BlackElo "2312"]
[TimeControl "180+1"]
[EndTime "11:52:58 PST"]
[Termination "KhamzinOlzhas won by resignation"]

1. d4 Nf6 2. c4 e6 3. e3 b6 4. Be2 Bb7 5. Bf3 d5 6. Ne2 Be7 7. O-O O-O 8. Nbc3 c6 9. e4 dxe4 10. Nxe4 Nxe4 11. Bxe4 Nd7 12. Be3 Nf6 13. Bf3 Qc7 14.
Nc3 Rad8 15. Qa4 a6 16. Rfd1 Bd6 17. h3 e5 18. Qb3 c5 19. Bxb7 Qxb7 20. dxc5 Be7 21.
cxb6 Ne4 22. Nd5 Bc5 23. a4 Rd6 24. Bxc5 Nxc5 25. Qe3 Qc6 1-0

[Event "*** Titled Tuesday Blitz"]
[Site "Chess.com"]
[Date "2020.12.29"]
[Round "10"]
[White "alexgo05"]
[Black "swisspower96"]
[Result "0-1"]
[WhiteElo "2490"]
[BlackElo "2673"]
[TimeControl "180+1"]
[EndTime "11:52:59 PST"]
[Termination "swisspower96 won by resignation"]

1. e4 c5 2. Nf3 Nc6 3. Nc3 e5 4. Bc4 d6 5. d3 h6 6. Nd2 g6 7. h4 Nf6 8. Nf1 Be6 9. Ne3 Bg7 10. Bd2 O-O 11. g4 Nd4 12. g5 hxg5 13. hxg5 Nh5 14. Rxh5 gxh5 15. Qxh5 Qxg5 16. Qh1 Qh6 17. Qg2 Qh3 18.
Bxe6 Qxg2 19. Bxf7+ Rxf7 20. Nxg2 Nxc2+ 0-1